 Dungeon Crawl Stone Soup version 0.30-a0-341-g682706514a (webtiles) character file.

Game seed: 17284358376914286705

87 bande the Covered (level 4, -3/29 HPs)
             Began as a Gargoyle Fighter on Nov 4, 2022.
             Killed from afar by a steam dragon (17 damage)
             ... with a ball of steam
             ... on level 3 of the Dungeon.
             The game lasted 00:03:52 (1518 turns).

bande the Covered (Gargoyle Fighter)                Turns: 1518, Time: 00:03:52

Health: -3/29      AC: 16    Str: 20    XL:     4   Next: 51%
Magic:  4/4        EV:  2    Int:  8    God:
Gold:   135        SH: 12    Dex: 11    Spells: 3/3 levels left

rFire   . . .      SeeInvis .    a - +0 war axe
rCold   . . .      Faith    .    p - +0 tower shield
rNeg    + . .      Spirit   .    h - +0 plate armour
rPois   ∞          Reflect  .    (no helmet)
rElec   +          Harm     .    (no cloak)
rCorr   .          Rampage  .    (no gloves)
Will    .....                    e - +0 pair of boots
Stlth   ..........               (no amulet)
HPRegen 0.24/turn                (no ring)
MPRegen 0.09/turn                (no ring)

@: no status effects
A: sickness immunity, AC +3, negative energy resistance 1, electricity
resistance, torment resistance 1, petrification resistance
a: no special abilities


You were on level 3 of the Dungeon.
You visited 1 branch of the dungeon, and saw 3 of its levels.

You collected 135 gold pieces.

Inventory:

Hand Weapons
 a - a +0 war axe (weapon)
 c - a +0 flail
Armour
 e - a +0 pair of boots (worn)
 h - a +0 plate armour (worn)
 p - a +0 tower shield (worn)
Scrolls
 f - a scroll of silence
 i - a scroll of fear
Potions
 b - a potion of flight
 d - 2 potions of might
 g - 2 potions of heal wounds
 j - 2 potions of ambrosia
 o - 2 potions of curing {unknown}


   Skills:
 + Level 3.6 Fighting
 + Level 3.0 Axes
 + Level 4.0 Armour
 + Level 3.8 Shields


You had 3 spell levels left.
You didn't know any spells.
Your spell library contained the following spells:

 Spells                   Type           Power      Damage    Failure   Level
 Magic Dart               Conj           0%         1d3       100%        1
 Call Imp                 Summ           0%         N/A       100%        2
 Gell's Gravitas          Tloc           0%         N/A       100%        3
 Mephitic Cloud           Conj/Pois/Air  0%         N/A       100%        3
 Teleport Other           Tloc           0%         N/A       100%        3
 Dispersal                Tloc           0%         N/A       100%        6


Dungeon Overview and Level Annotations

Branches:
Dungeon (3/15)

Altars:


Innate Abilities, Weirdness & Mutations

You are immune to sickness and miasma.
Your stone body is resilient. (AC +3)
You are immune to poison.
You resist negative energy. (rN+)
You are resistant to electric shocks. (rElec)
You are resistant to unholy torment.
You are immune to petrification.


Message History

The frilled lizard completely misses you.
You slash the frilled lizard!
You kill the frilled lizard!
No target in view!
No target in view!
No target in view!
No target in view!
No target in view!
i - a scroll of fear You see here a +0 war axe of flaming.
No target in view!
No target in view!
You open the door.
An adder and a steam dragon come into view.
The adder hisses angrily.
The steam dragon hisses angrily.
There are monsters nearby!
The steam dragon breathes steam at you. The ball of steam hits you!
There is an open door here.
You block the adder's attack.
You hit the adder.
The adder is moderately wounded.
The adder bites you but does no damage. You block the adder's attack.
The steam dragon bites you. You block the steam dragon's attack.
You are too injured to fight recklessly!
You are too injured to fight recklessly!
You are too injured to fight recklessly!
You are too injured to fight recklessly!
You are too injured to fight recklessly!
You are too injured to fight recklessly!
You are too injured to fight recklessly!
Unknown command.
You slash the steam dragon!
The steam dragon is moderately wounded.
You slash the adder!
You kill the adder!
The steam dragon breathes steam at you. The ball of steam hits you!
Ouch! That really hurt!
You die...

..# #......
####....#######...###
#.................###
#.......#######.....#
+.......# #...#.#
#.......# #...#..
#..§....# #......
#..§D...# #..#.##
#...@...# #......
####'#### #.#####
#.######## #.#
#..).....# #.#
########.# #.#
#.###.# #.....#
#######


You could see a steam dragon (catching breath).

Vanquished Creatures
  3 adders
  2 worms
  8 bats
  2 endoplasms
  3 giant cockroaches
  5 goblins
  8 hobgoblins
  7 jackals
  2 quokkas
  5 ball pythons
  4 frilled lizards
  4 kobolds
  7 rats
60 creatures vanquished.

Notes
Turn   | Place    | Note
-------+----------+-------------------------------------------
     0 | D:1      | bande the Gargoyle Fighter began the quest for the Orb.
     0 | D:1      | Reached XP level 1. HP: 14/14 MP: 1/1
   156 | D:1      | Reached XP level 2. HP: 10/19 MP: 2/2
   543 | D:1      | Reached XP level 3. HP: 23/23 MP: 3/3
   857 | D:2      | Reached XP level 4. HP: 27/28 MP: 4/4
  1394 | D:3      | Reached skill level 4 in Armour
  1514 | D:3      | Noticed a steam dragon
  1518 | D:3      | Killed from afar by a steam dragon

Illustrated notes

Levels and vault maps discovered:
D:1:      shiori_arrival_maze, layout_basic
D:2:      layout_rooms
D:3:      layout_basic, grunt_ministairs_8

Skill      XL: |  1  2  3  4 |
---------------+-------------+-----
Axes           | 2 3 |  3.0
Armour         | 4 |  4.0
Fighting       | |  3.6
Shields        | |  3.8

Action                   |  1- 3 |  4- 6 || total
-------------------------+-------+-------++-------
Melee: War axe           |   114 |    48 ||   162
  Use: Scroll            |       |     8 ||     8
Armor: Scale mail        |    43 |       ||    43
       Chain mail        |    25 |    23 ||    48
       Plate armour      |       |    27 ||    27
Dodge: Dodged            |    57 |    10 ||    67
Block: Buckler           |    27 |     4 ||    31
       Tower shield      |       |    31 ||    31

Table legend: (Time is in decaauts)
 A = Elapsed time spent in this place.
 B = Non-inter-level travel time spent in this place.
 C = Inter-level travel time spent in this place.
 D = Time resting spent in this place.
 E = Time spent auto-exploring this place.
 F = Levels seen in this place.
 G = Mean time per level.
                   A        B        C        D        E       F      G
               +--------+--------+--------+--------+--------+-----+--------+
         Total |   1596 |   1596 |      0 |     26 |   1018 |   3 |  532.0 |
       Dungeon |   1596 |   1596 |      0 |     26 |   1018 |   3 |  532.0 |
               +--------+--------+--------+--------+--------+-----+--------+

Top non-repeatable levels by time:
     D:1: 703 daAuts
     D:2: 485 daAuts
     D:3: 407 daAuts
